 Dungeon Crawl Stone Soup version 0.32-a0-43-g058985b (webtiles) character file.

Game seed: 17196126182688062433

22899 Dorkslayer the Brawler (level 13, -6/86 HPs)
             Began as an Octopode Fighter on Feb 3, 2024.
             Was a High Priest of Dithmenos.
             Mangled by a troll (18 damage)
             ... on level 2 of the Orcish Mines on Feb 4, 2024.
             The game lasted 00:56:15 (13311 turns).

Dorkslayer the Brawler (Octopode Fighter)          Turns: 13311, Time: 00:56:16

Health: -6/86      AC:  1    Str: 28    XL:     13   Next: 3%
Magic:  13/13      EV: 13    Int: 12    God:    Dithmenos [*****.]
Gold:   3278       SH: 17    Dex: 12    Spells: 12/12 levels left

rFire   . .          .
                       - Unarmed
rCold   + + +        l - +3 tower shield
rNeg    + . .        (helmet restricted)
rPois   +            C - amulet of the acrobat
rElec   .            c - ring of protection from cold
rCorr   +            q - +6 ring of strength
SInv    +            t - ring "Zelautad" {^Contam rPois rCorr Str+2 Int+2 SInv}
Will    .....        u - ring of positive energy
Stlth   +++++++++    I - ring of protection from cold
HPRegen 0.34/turn    A - ring of protection from cold
MPRegen 0.13/turn    (no ring)
                     (no ring)

%: acrobat
@: wreathed by umbra
A: almost no armour, amphibious, 8 rings, camouflage 1, gelatinous body 1,
(nimble swimmer 1), tentacles
a: Renounce Religion, Shadow Step, Shadow Form


You were on level 2 of the Orcish Mines.
You worshipped Dithmenos.
Dithmenos was extremely pleased with you.
You visited 3 branches of the dungeon, and saw 14 of its levels.
You visited 1 bazaar.
You also visited: Sewer, Bailey and Ice Cave.

You collected 3784 gold pieces.
You spent 506 gold pieces at shops.

Inventory:

Hand Weapons
 g - a +4 broad axe
 o - a +2 war axe
 E - a +0 hand axe of flaming
Missiles
 b - a throwing net
 i - 2 datura-tipped darts
 x - a curare-tipped dart
 z - 34 boomerangs (quivered)
Armour
 l - a +3 tower shield (worn)
Jewellery
 c - a ring of protection from cold (left tentacle)
 q - a +6 ring of strength (right tentacle)
 t - the ring "Zelautad" (on tentacle) {^Contam rPois rCorr Str+2 Int+2 SInv}
   (You found it on level 5 of the Dungeon)

   [ring of see invisible]

   Str+2:     It affects your strength (+2).
   Int+2:     It affects your intelligence (+2).
   rPois:     It protects you from poison SInv: It lets you see invisible.
   ^Contam:   It causes magical contamination when unequipped.
   rCorr:     It protects you from acid and corrosion.
 u - a ring of positive energy (on tentacle)
 A - a ring of protection from cold (on tentacle)
 C - an amulet of the acrobat (around mantle)
 H - the amulet of Elemental Vulnerability {rPois rF-- rC-- AC+8}
   (You found it in a bailey)

   [amulet of nothing]

   AC+8:      It affects your AC (+8).
   rF--:      It makes you very vulnerable to fire.
   rC--:      It makes you very vulnerable to cold.
   rPois:     It protects you from poison
 I - a ring of protection from cold (on tentacle)
Wands
 a - a wand of iceblast (8)
 p - a wand of paralysis (19)
 w - a wand of flame (1)
 G - a wand of polymorph (4)
Scrolls
 e - a scroll of amnesia
 f - 2 scrolls of poison
 k - a scroll of noise
 n - 6 scrolls of teleportation
 r - a scroll of revelation
 y - a scroll of fog
 K - a scroll of vulnerability
Potions
 h - a potion of berserk rage
 j - 2 potions of magic
 m - 2 potions of cancellation
 s - 2 potions of brilliance
 v - a potion of mutation
Miscellaneous
 F - a box of beasts (inert)


   Skills:
 * Level 7.3 Fighting
 + Level 1.3 Axes
 + Level 2.5 Throwing
 * Level 6.6 Dodging
 + Level 9.9 Stealth
 + Level 7.5 Shields
 * Level 15.4 Unarmed Combat
 * Level 6.8 Evocations


You had 12 spell levels left.
You didn't know any spells.
Your spell library contained the following spells:

 Spells                   Type           Power      Damage    Failure   Level
 Sublimation of Blood     Necr           0%         N/A       87%         2
 Animate Dead             Necr           0%         N/A       100%        4
 Petrify                  Alch/Erth      0%         N/A       100%        4
 Vhi's Electric Charge    Tloc/Air       0%         N/A       100%        4
 Arcjolt                  Conj/Air       0%         1d10      100%        5
 Irradiate                Conj/Alch      0%         3d11      100%        5
 Plasma Beam              Fire/Air       0%         2x1d10    100%        6
 Haunt                    Necr/Summ      0%         N/A       100%        7
 Infestation              Necr           0%         N/A       100%        8


Dungeon Overview and Level Annotations

Branches:
Dungeon (11/15)            Temple (1/1) D:4            Lair (0/5) D:11
    Orc (2/2) D:11            Elf (0/3) Orc:2         Sewer (visited)
 Bailey (visited)           IceCv (visited)

Altars:
Ashenzari
Cheibriados
Dithmenos
Elyvilon
Fedhas
Gozag
Hepliaklqana
Kikubaaqudgha
Makhleb
Nemelex Xobeh
Okawaru
Qazlal
Ru
Sif Muna
Trog
Uskayaw
Vehumet
Wu Jian
Xom
Yredelemnul
Zin
The Shining One

Shops:
D:3 (


Innate Abilities, Weirdness & Mutations

You cannot wear most types of armour.
You are amphibious.
You can wear up to eight rings at the same time.
Your skin changes colour to match your surroundings (Stealth+).
Your rubbery body absorbs attacks. (AC +1, EV +1)
((You are camouflaged when in or above water. (Stealth+)))
You have tentacles for arms and can constrict up to eight enemies at once.


Message History

The iceblast engulfs the troll!!
The troll is heavily wounded.
The iceblast engulfs the kobold blastminer!
The kobold blastminer is moderately wounded.
You hear a shout! x3
The centaur shoots an arrow.
You block the arrow.
The orc warrior shoots an arrow.
The arrow hits you!
The orc warrior shoots an arrow.
You block the arrow.
Unknown command.
Unknown command.
You bludgeon the ogre!
You kill the ogre!
Dithmenos accepts your kill.
The centaur shoots an arrow.
You block the arrow.
The centaur shoots an arrow.
You block the arrow.
The orc warrior shoots an arrow.
You block the arrow.
The orc shoots an arrow.
You block the arrow.
Unknown command.
You tentacle-slap the troll.
The troll is moderately wounded.
The kobold blastminer's cannon shakes and flares with a red glow.
The centaur shoots an arrow.
You block the arrow.
The centaur shoots an arrow.
You block the arrow. You block the troll's attack.
The troll closely misses you. You block the troll's attack.
The orc warrior shoots an arrow.
The arrow closely misses you.
The orc shoots an arrow.
The arrow barely misses you.
You tentacle-slap the troll.
The troll is heavily wounded.
The centaur shoots an arrow.
The arrow closely misses you.
The kobold blastminer blasts its cannon at you.
The iron shot hits you!!
* * * LOW HITPOINT WARNING * * *
You emit a cloud of dark smoke.
You block the troll's attack. x3
The orc warrior shoots an arrow.
You block the arrow.
The orc warrior shoots an arrow.
The arrow closely misses you.
The orc shoots an arrow.
The arrow misses you.
The centaur shoots an arrow.
The arrow barely misses you.
You feel much better.
The centaur shoots an arrow.
The arrow hits you!
* * * LOW HITPOINT WARNING * * *
The centaur shoots an arrow.
You block the arrow. The troll bites you!!
You die...

......o.....$,,,,,**,,,,,**
...................#...#**
.....<..........$.......*
..o.....................*
o.o....................#*
oo....$...............##*****
§§..............§K§.....,,,,**
§§§............§§T......,,,,,**
§§##..##...###.§@##..##,,**,,,*
§c§......≈≈###≈≈§...c...,,**,,*
........≈≈≈# #≈≈≈..c....,,,*,^*
.KcK..≈≈≈≈***##≈≈≈≈.o...,,,,,,*
.c..≈≈≈≈##**∩*###≈≈≈≈o..,,,*,,*
.oo≈≈≈≈#***,,,***#≈≈≈≈..,,,*,,*
.c.o.oo.,,,,∩,,,,,ooc...,,,,,,*
c.,,,,,,,,,,∩,,,,,o.....,,,,,,*
...~~~~****,,,****~≈≈≈.,,,,*,,*


You could see a kobold blastminer, a troll, 3 orc warriors, 3 centaurs and 2
orcs.

Vanquished Creatures
  An orc warlord (Bailey)
  A reaper (IceCv)
  A centaur warrior (D:8)
  Erica (D:8)
  A two-headed ogre (D:11)
  Nergalle (D:11)
  An ugly thing (D:8)
  An orc sorcerer (Orc:1)
  A meliai (D:11)
  2 manticores
  4 cyclopes (D:11)
  2 ice statues (IceCv)
  A gargoyle (D:8)
  2 kobold demonologists (D:11)
  Jeremiah (D:7)
  Maggie (D:7)
  A freezing wraith (IceCv)
  6 ice devils (IceCv)
  3 red devils (Orc:1)
  2 trolls
  A hornet (D:10)
  Grinder (D:5)
  Sigmund (D:6)
  Eustachio (D:5)
  9 yaks
  2 wraiths (D:10)
  Menkaure (D:5)
  2 death yak simulacra (IceCv)
  Duvessa (D:7)
  An acid dragon (D:6)
  7 water moccasins
  14 orc warriors
  2 ice beasts
  2 sky beasts
  4 black bears
  3 ogres
  3 centaurs
  4 phantoms
  10 bullfrogs
  3 kobold brigands
  A gnoll sergeant (D:7)
  8 wights
  2 cane toad simulacra (IceCv)
  5 scorpions
  3 two-headed ogre simulacra (IceCv)
  Dowan (D:7)
  10 killer bees
  An elephant simulacrum (IceCv)
  5 howler monkeys
  3 bombardier beetles
  10 hounds
  2 jellies
  5 orc priests
  Crazy Yiuf (D:5)
  5 iguanas
  2 sleepcaps
  10 orc wizards
  A polar bear simulacrum (IceCv)
  2 troll simulacra (IceCv)
  2 spriggan simulacra (IceCv)
  2 wolf simulacra (IceCv)
  19 gnolls
  A naga simulacrum (IceCv)
  8 adders
  A river rat (D:3)
  A shadow imp (D:6)
  15 white imps
  2 ufetubi (IceCv)
  3 ribbon worms
  14 dart slugs
  38 orcs
  12 ball pythons
  6 bats
  5 endoplasms
  13 giant cockroaches
  16 goblins
  5 hobgoblins
  4 jackals (D:2)
  10 quokkas
  14 frilled lizards
  35 kobolds
  5 rats
414 creatures vanquished.

Vanquished Creatures (collateral kills)
  A troll simulacrum (IceCv)
1 creature vanquished.

Grand Total: 415 creatures vanquished

Notes
Turn   | Place    | Note
-------+----------+-------------------------------------------
     0 | D:1      | Dorkslayer the Octopode Fighter began the quest for the
                  | Orb.
     0 | D:1      | Reached XP level 1. HP: 16/16 MP: 1/1
   144 | D:1      | Reached XP level 2. HP: 11/21 MP: 2/2
   586 | D:1      | Reached XP level 3. HP: 26/26 MP: 3/3
   821 | D:1      | Reached skill level 3 in Unarmed Combat
  1009 | D:2      | Reached skill level 1 in Stealth
  1009 | D:2      | Reached XP level 4. HP: 20/31 MP: 4/4
  1074 | D:2      | Found a shimmering altar of Xom.
  1456 | D:2      | Reached XP level 5. HP: 36/36 MP: 5/5
  1458 | D:2      | Reached skill level 4 in Unarmed Combat
  1519 | D:3      | Found a glowing drain.
  1525 | Sewer    | Entered a sewer
  1920 | Sewer    | Reached skill level 5 in Unarmed Combat
  1920 | Sewer    | Reached XP level 6. HP: 42/42 MP: 6/6
  2154 | D:3      | Found Wuysob's Antique Weapon Boutique.
  2353 | D:3      | Reached skill level 6 in Unarmed Combat
  2353 | D:3      | Reached XP level 7. HP: 33/46 MP: 7/7
  2785 | D:4      | Found a shimmering blue altar of Sif Muna.
  2796 | D:4      | Found a staircase to the Ecumenical Temple.
  2814 | Temple   | Entered the Ecumenical Temple
  2827 | Temple   | Became a worshipper of Dithmenos the Shadowed
  3494 | D:4      | Reached skill level 7 in Unarmed Combat
  3699 | D:5      | Entered Level 5 of the Dungeon
  3728 | D:5      | Reached XP level 8. HP: 43/52 MP: 8/8
  3728 | D:5      | Reached * piety under Dithmenos
  3908 | D:5      | Found a runed translucent door.
  3909 | D:5      | Noticed Crazy Yiuf
  4042 | D:5      | Noticed Grinder
  4144 | D:5      | Killed Grinder
  4145 | D:5      | Reached skill level 5 in Stealth
  4145 | D:5      | Reached skill level 8 in Unarmed Combat
  4224 | D:5      | Noticed Menkaure
  4234 | D:5      | Killed Menkaure
  4304 | D:5      | Noticed Eustachio
  4315 | D:5      | Killed Eustachio
  4316 | D:5      | Reached skill level 9 in Unarmed Combat
  4411 | D:5      | Reached XP level 9. HP: 52/58 MP: 9/9
  4847 | D:5      | Identified the ring "Zelautad" {^Contam rPois rCorr Str+2
                  | Int+2 SInv}
  5050 | D:5      | Killed Crazy Yiuf
  5051 | D:5      | Reached skill level 10 in Unarmed Combat
  5571 | D:6      | Reached skill level 1 in Evocations
  5608 | D:6      | Reached skill level 11 in Unarmed Combat
  5613 | D:6      | Reached skill level 5 in Dodging
  5613 | D:6      | Reached XP level 10. HP: 37/65 MP: 10/10
  5616 | D:6      | Reached ** piety under Dithmenos
  5967 | D:6      | Noticed Sigmund
  5974 | D:6      | Killed Sigmund
  5975 | D:6      | Reached skill level 1 in Throwing
  6188 | D:7      | Reached skill level 5 in Shields
  6299 | D:7      | Reached skill level 5 in Fighting
  6581 | D:7      | Identified the +1 leather armour of Giceit {Harm rF- rC++}
  6617 | D:7      | Noticed Jeremiah
  6627 | D:7      | Killed Jeremiah
  6628 | D:7      | Reached skill level 12 in Unarmed Combat
  6739 | D:7      | Noticed Duvessa
  6740 | D:7      | Noticed Dowan
  6745 | D:7      | Noticed Maggie
  6746 | D:7      | Killed Duvessa
  6748 | D:7      | Killed Dowan
  6755 | D:7      | Killed Maggie
  6756 | D:7      | Reached skill level 1 in Axes
  7052 | D:7      | Reached *** piety under Dithmenos
  7188 | D:8      | Found a flagged portal.
  7238 | Bailey   | Entered a bailey
  7243 | Bailey   | Noticed an orc warlord
  7243 | Bailey   | Found the amulet of Elemental Vulnerability {rPois rF--
                  | rC-- AC+8}
  7349 | Bailey   | Found a runed translucent gate.
  7351 | Bailey   | Found a runed translucent gate.
  7353 | Bailey   | Acquired 1116 gold pieces
  7355 | Bailey   | Found a runed translucent gate.
  7438 | Bailey   | Killed an orc warlord
  7439 | Bailey   | Reached XP level 11. HP: 31/72 MP: 11/11
  7468 | Bailey   | Acquired 921 gold pieces
  7615 | D:8      | Noticed a manticore
  7623 | D:8      | Killed a manticore
  7759 | D:8      | Reached **** piety under Dithmenos
  8120 | D:8      | Reached skill level 13 in Unarmed Combat
  8171 | D:8      | Noticed Erica
  8180 | D:8      | Killed Erica
  8243 | D:8      | Noticed a green ugly thing
  8250 | D:8      | Killed a green ugly thing
  8316 | D:8      | Noticed a centaur warrior
  8417 | D:8      | Killed a centaur warrior
  9511 | D:9      | Reached skill level 5 in Evocations
  9631 | D:10     | Entered Level 10 of the Dungeon
 10528 | D:11     | Noticed a two-headed ogre
 10547 | D:11     | Identified the orb of the Lobster {mayhem, rN+ Int+2}
 10560 | D:11     | Noticed a cyclops
 10566 | D:11     | Killed a cyclops
 10577 | D:11     | Noticed a cyclops
 10583 | D:11     | Killed a cyclops
 10587 | D:11     | Found a frozen archway.
 10608 | D:11     | Reached XP level 12. HP: 54/80 MP: 12/12
 10614 | IceCv    | Entered an ice cave
 10721 | IceCv    | Reached ***** piety under Dithmenos
 10758 | IceCv    | Reached skill level 14 in Unarmed Combat
 11393 | IceCv    | Noticed a reaper
 11410 | IceCv    | Killed a reaper
 11871 | D:11     | Found a staircase to the Orcish Mines.
 12013 | D:11     | Noticed Nergalle
 12021 | D:11     | Killed Nergalle
 12075 | D:11     | Killed a two-headed ogre
 12115 | D:11     | Found a staircase to the Lair.
 12143 | D:11     | Reached skill level 15 in Unarmed Combat
 12673 | Orc:1    | Entered Level 1 of the Orcish Mines
 12760 | Orc:1    | Reached XP level 13. HP: 68/86 MP: 13/13
 13099 | Orc:2    | Entered Level 2 of the Orcish Mines
 13099 | Orc:2    | Noticed an ettin
 13109 | Orc:2    | Found a flickering gateway to a bazaar.
 13112 | Bazaar   | Entered a bazaar
 13112 | Bazaar   | Found Otuidayzo's Book Boutique.
 13112 | Bazaar   | Found Rukkelyq's Weapon Boutique.
 13117 | Bazaar   | Bought 2 datura-tipped darts for 30 gold pieces
 13140 | Bazaar   | Found Hurph's Magic Scroll Boutique.
 13166 | Bazaar   | Bought a scroll of acquirement for 364 gold pieces
 13166 | Bazaar   | Bought a scroll of identify for 14 gold pieces
 13166 | Bazaar   | Bought a scroll of identify for 14 gold pieces
 13166 | Bazaar   | Bought a scroll of identify for 14 gold pieces
 13169 | Bazaar   | Bought a scroll of identify for 14 gold pieces
 13169 | Bazaar   | Bought a scroll of vulnerability for 28 gold pieces
 13169 | Bazaar   | Bought a scroll of poison for 28 gold pieces
 13195 | Bazaar   | Found Pyterruff's Book Shop.
 13289 | Bazaar   | Acquired 811 gold pieces
 13311 | Orc:2    | Mangled by a troll

Illustrated notes

Levels and vault maps discovered:
D:1:      wander_arrival_chamber, layout_basic, minmay_cupped
D:2:      layout_rooms, basic_altar, serial_bayou_crossing
D:3:      layout_basic, serial_shops, shop,
          mainiacjoe_sewer_entry_somewhere_in_here_1, kennysheep_generic_room_6
D:4:      layout_loops_ring, led_sif_pool, minmay_temple_entry_slanted,
          dreamdust_gnoll_farm
D:5:      layout_basic, minmay_puff, uniq_menkaure, uniq_crazy_yiuf_cottage,
          uniq_eustachio, uniq_grinder
D:6:      layout_loops_ring, grunt_potential, uniq_sigmund
D:7:      layout_loops_corners, uniq_maggie, uniq_duvessa, uniq_jeremiah
D:8:      minmay_ornate_pinched, layout_basic, enter_bailey_5, uniq_erica
D:9:      layout_basic
D:10:     layout_loops_ring, nrook_pool_corridor, grunt_decor_clamped
D:11:     layout_roguey, due_lair_maze_entry_diamond, orc_david_3,
          portal_ice_cave_entry_imps, uniq_nergalle
Temple:   mainiacjoe_temple_circle_huts
Orc:1:    layout_caves, nicolae_orc_sculptors_studio,
          einodemon_armed_red_devil_minivault
Orc:2:    st_orc_rangers, layout_caves, basic_altar, serial_shops,
          bzr_entry_water

Skill      XL: |  1  2  3  4  5  6  7  8  9 10 11 12 |
---------------+-------------------------------------+-----
Unarmed Combat | 3 5 6 7 9 11 12 13 15 | 15.4
Stealth        | 1 2 3 4 5 6 8 9 |  9.9
Dodging        | 4 5 6 |  6.6
Shields        | 4 5 6 7 |  7.5
Fighting       | 4 5 6 7 |  7.3
Evocations     | 2 3 5 6 |  6.8
Throwing       | 1 2 |  2.5
Axes           | 1 |  1.3

Action                     |  1- 3 |  4- 6 |  7- 9 | 10-12 | 13-15 || total
---------------------------+-------+-------+-------+-------+-------++-------
  Melee: Unarmed           |    89 |   147 |   183 |   467 |     8 ||   894
         Constrict         |    22 |    51 |    40 |    78 |     1 ||   192
         Tentacles         |    15 |    39 |    36 |   117 |     2 ||   209
         Punch             |     1 |     4 |    12 |    31 |       ||    48
  Throw: Throwing net      |       |       |     1 |       |       ||     1
         Boomerang         |       |       |     4 |    28 |       ||    32
         Dart              |       |       |     2 |     6 |       ||     8
  Evoke: Wand              |       |       |     7 |    31 |     7 ||    45
         Box of beasts     |       |       |       |     2 |     1 ||     3
    Use: Potion            |       |     1 |     4 |    13 |     1 ||    19
         Scroll            |       |     3 |     9 |    13 |     8 ||    33
   Stab: Sleeping          |     6 |     9 |    11 |    30 |       ||    56
         Distracted        |       |       |     2 |     2 |       ||     4
         Invisible         |       |       |     2 |     2 |       ||     4
         Paralysed         |       |       |       |     4 |     1 ||     5
 Armour: Skin              |    32 |    52 |    56 |   127 |    15 ||   282
  Dodge: Dodged            |    39 |    78 |    63 |   138 |    23 ||   341
  Block: Buckler           |    14 |    26 |     9 |       |       ||    49
         Tower shield      |       |       |    45 |   316 |    46 ||   407

Table legend: (Time is in decaauts)
 A = Elapsed time spent in this place.
 B = Non-inter-level travel time spent in this place.
 C = Inter-level travel time spent in this place.
 D = Time resting spent in this place.
 E = Time spent auto-exploring this place.
 F = Levels seen in this place.
 G = Mean time per level.
                   A        B        C        D        E       F      G
               +--------+--------+--------+--------+--------+-----+--------+
         Total |  13243 |  13045 |    198 |   1740 |   6121 |  18 |  735.7 |
       Dungeon |  10759 |  10562 |    197 |    757 |   5764 |  11 |  978.1 |
        Temple |     25 |     25 |      0 |      0 |      0 |   1 |   25.0 |
  Orcish Mines |    454 |    454 |      0 |    205 |     58 |   2 |  227.0 |
        Bazaar |    180 |    180 |      0 |     70 |      0 |   1 |  180.0 |
         Sewer |    421 |    421 |      0 |     79 |     96 |   1 |  421.0 |
        Bailey |    328 |    328 |      0 |     91 |      0 |   1 |  328.0 |
      Ice Cave |   1072 |   1072 |      0 |    538 |    203 |   1 | 1072.0 |
               +--------+--------+--------+--------+--------+-----+--------+

Top non-repeatable levels by time:
     D:5: 1442 daAuts
     D:8: 1186 daAuts
     D:6: 1107 daAuts
   IceCv: 1072 daAuts
     D:7: 1055 daAuts
    D:11: 1049 daAuts
     D:1: 970 daAuts
     D:4: 914 daAuts
    D:10: 902 daAuts
     D:3: 835 daAuts
     D:9: 780 daAuts
     D:2: 516 daAuts
   Orc:1: 424 daAuts
   Sewer: 421 daAuts
  Bailey: 328 daAuts
